 Dungeon Sprint DCSS version 0.28-a0-793-g31680bbd8b (webtiles) character file.

Game seed: 1328349526035746020

294 rocky1 the Ducker (level 6, -2/51 HPs)
             Began as a Djinni Gladiator on Nov 5, 2021.
             Was a Follower of Okawaru.
             Slain by an orc priest (7 damage)
             ... in the Dungeon (Sprint VII: "The Pits").
             The game lasted 00:04:23 (1101 turns).

rocky1 the Ducker (Djinni Gladiator)                Turns: 1101, Time: 00:04:23

Health: -2/51      AC:  5    Str: 15    XL:     6   Next: 60%
Gold:   0          EV: 15    Int: 10    God:    Okawaru [*.....] SH:  0 Dex: 14

rFire   + + .      SeeInvis .   a - +2 long sword (holy)
rCold   x . .      Faith    .   (no shield)
rNeg    . . .      Spirit   .   b - +0 leather armour
rPois   ∞          Reflect  .   c - +0 helmet
rElec   .          Harm     .   (no cloak)
rCorr   .          Rampage  .   (no gloves)
Will    .....      NoTele   +   (boots unavailable)
Stlth   +.........              (no amulet)
HPRegen 0.17/turn               (no ring)
MPRegen 0.00/turn               (no ring)

@: flying
A: sickness immunity, fire resistance 2, cold vulnerability 1, float, innate
caster, hp casting, extra vitality 1
a: Renounce Religion, Heroism


You were in the Dungeon.
You worshipped Okawaru.
Okawaru was aware of your devotion.
You visited 1 branch

Inventory:

Hand Weapons
 a - a +2 long sword of holy wrath (weapon)
 k - a +2 falchion
Missiles
 d - 2 throwing nets (quivered)
Armour
 b - a +0 leather armour (worn)
 c - a +0 helmet (worn)
 l - a +3 scale mail
Wands
 m - a wand of flame (19)
Scrolls
 i - a scroll of blinking
Potions
 e - 6 potions of curing
 f - 5 potions of heal wounds
 g - a potion of haste
 h - 3 potions of berserk rage
 j - 2 potions of invisibility
 n - 2 potions of lignification {unknown}


   Skills:
 + Level 6.3 Fighting
 + Level 6.1 Long Blades
 - Level 1.5 Throwing
 + Level 5.9 Armour
 + Level 7.4 Dodging
 + Level 2.9 Spellcasting


You had 7 spell levels left.
You knew the following spells:

 Your Spells              Type           Power      Damage    Failure   Level
a - Slow                  Hex            28%        N/A       11%         1
b - Searing Ray           Conj           14%        2d5       16%         2
Your spell library was empty.

Dungeon Overview and Level Annotations

Branches:
Dungeon (1/1)

Altars:
Ashenzari
Cheibriados
Dithmenos
Elyvilon
Fedhas
Gozag
Hepliaklqana
Kikubaaqudgha
Makhleb
Nemelex Xobeh
Okawaru
Qazlal
Ru
Sif Muna
Trog
Uskayaw
Vehumet
Wu Jian
Xom
Yredelemnul
Zin
The Shining One
Beogh
Jiyva
Lugonu


Innate Abilities, Weirdness & Mutations

You are immune to sickness and miasma.
You are immune to poison.
Your flesh is very heat resistant. (rF++)
You are vulnerable to cold. (rC-)
You float through the air rather than walking.
You learn spells naturally, not from books.
Your magical power is your life essence.
You have superior vitality. (+4 HP)


Message History

HP restored.
Unknown command.
You reach down and open the door.
An orc priest comes into view. It is wielding a +0 flail.
The orc priest shouts!
The orc priest mumbles some strange prayers to Beogh against you.
Beogh smites you!
There is an open door here.
You barely miss the orc priest.
The orc priest calls down the wrath of Beogh upon you.
Beogh smites you!
You closely miss the orc priest.
The orc priest hits you but does no damage.
You barely miss the orc priest.
The orc priest mumbles some strange prayers to Beogh against you.
Pain shoots through your body!
* * * LOW HITPOINT WARNING * * *
You slash the orc priest!
The orc priest is heavily wounded.
The orc priest completely misses you.
You closely miss the orc priest.
The orc priest is heavily wounded.
The orc priest barely misses you.
The orc priest hits you with a +0 flail.
* * * LOW HITPOINT WARNING * * *
You closely miss the orc priest.
The orc priest is heavily wounded.
The orc priest hits you with a +0 flail!
* * * LOW HITPOINT WARNING * * *
You feel much better.
The orc priest hits you with a +0 flail!
You hit the orc priest.
The orc priest is heavily wounded.
The orc priest calls down the wrath of Beogh upon you.
Beogh smites you!
* * * LOW HITPOINT WARNING * * *
You barely miss the orc priest.
The orc priest is heavily wounded.
The orc priest hits you with a +0 flail!
You die...

#.#........##.......#
#'###########.......#
#..#.#.## #########
#.......# ##)#.#.##
#.......# ##.#.#.##
#.......#+#
##.#.#..@o#
##########


You could see an orc priest.

Vanquished Creatures
  A floating eye (D)
  A scorpion (D)
  Terence (D)
  2 orc wizards (D)
  2 adders (D)
  3 river rats (D)
  An ufetubus (D)
  2 orcs (D)
  A ball python (D)
  2 hobgoblins (D)
  A frilled lizard (D)
  A rat (D)
18 creatures vanquished.

Notes
Turn   | Place    | Note
-------+----------+-------------------------------------------
     0 | D        | rocky1 the Djinni Gladiator began the quest for the Orb.
     0 | D        | Reached XP level 1. HP: 18/18 MP: 0/0
    21 | D        | Found a bloodstained altar of Trog.
    21 | D        | Found a viscous altar of Jiyva.
    21 | D        | Found a hazy altar of Hepliaklqana.
    21 | D        | Found an opulent altar of Gozag.
    22 | D        | Found a glowing golden altar of the Shining One.
    22 | D        | Found a glowing silver altar of Zin.
    22 | D        | Found a basalt altar of Yredelemnul.
    22 | D        | Found a shimmering altar of Xom.
    22 | D        | Found an ornate altar of the Wu Jian Council.
    22 | D        | Found a sacrificial altar of Ru.
    22 | D        | Found a stormy altar of Qazlal.
    22 | D        | Found an iron altar of Okawaru.
    22 | D        | Found a sparkling altar of Nemelex Xobeh.
    22 | D        | Found a burning altar of Makhleb.
    22 | D        | Found a blossoming altar of Fedhas.
    22 | D        | Found a white marble altar of Elyvilon.
    22 | D        | Found a shadowy altar of Dithmenos.
    22 | D        | Found a snail-covered altar of Cheibriados.
    25 | D        | Found a corrupted altar of Lugonu.
    26 | D        | Found a hide-covered altar of Uskayaw.
    26 | D        | Found a broken altar of Ashenzari.
    36 | D        | Became a worshipper of Warmaster Okawaru
   110 | D        | Reached skill level 1 in Armour
   110 | D        | Reached skill level 4 in Dodging
   110 | D        | Reached XP level 2. HP: 8/24 MP: 0/0
   302 | D        | Noticed a scorpion
   306 | D        | Reached XP level 3. HP: 28/30 MP: 0/0
   306 | D        | Learned a level 1 spell: Slow
   317 | D        | Killed a scorpion
   317 | D        | Reached * piety under Okawaru
   318 | D        | Reached skill level 5 in Dodging
   318 | D        | Reached XP level 4. HP: 12/38 MP: 0/0
   681 | D        | Reached XP level 5. HP: 42/42 MP: 0/0
   681 | D        | Learned a level 2 spell: Searing Ray
   944 | D        | Noticed Terence
   966 | D        | Reached skill level 5 in Fighting
   966 | D        | Reached skill level 5 in Long Blades
   966 | D        | Reached skill level 6 in Dodging
   970 | D        | Reached skill level 1 in Spellcasting
   978 | D        | Noticed a floating eye
   981 | D        | Paralysed by a floating eye for 3 turns
   992 | D        | Paralysed by a floating eye for 4 turns
   997 | D        | Paralysed by a floating eye for 3 turns
  1000 | D        | Killed a floating eye
  1001 | D        | Reached skill level 5 in Armour
  1001 | D        | Reached skill level 7 in Dodging
  1001 | D        | Reached XP level 6. HP: 41/50 MP: 0/0
  1033 | D        | Killed Terence
  1101 | D        | Slain by an orc priest

Illustrated notes

Levels and vault maps discovered:
D:        pitsprint [storerooms_1, entrance_room_1, metal_vault_5, armoury_3,
          mini_pit_1, grid_room_1, main_hall_1, silver_pit, the_coven_3,
          the_vestibule_1, steel_vault_1, golden_pit, hallway_of_sentries,
          crystal_vault_1, iron_vault_1, final_vault]

Skill      XL: |  1  2  3  4  5 |
---------------+----------------+-----
Long Blades    | 3 4 6 |  6.1
Armour         | 1 2 3 4 5 |  5.9
Dodging        | 4 5 7 |  7.4
Fighting       | 3 4 6 |  6.3
Spellcasting   | 2 |  2.9
Throwing       | |  1.5

Action                   |  1- 3 |  4- 6 || total
-------------------------+-------+-------++-------
Melee: Falchion          |    20 |    16 ||    36
       Long sword        |     4 |    32 ||    36
Throw: Throwing net      |       |     1 ||     1
 Cast: Searing Ray       |       |     1 ||     1
  Use: Potion            |       |     1 ||     1
 Stab: Held in net/web   |       |     1 ||     1
Armor: Leather armour    |     2 |     6 ||     8
Dodge: Dodged            |    17 |    19 ||    36

Table legend: (Time is in decaauts)
 A = Elapsed time spent in this place.
 B = Non-inter-level travel time spent in this place.
 C = Inter-level travel time spent in this place.
 D = Time resting spent in this place.
 E = Time spent auto-exploring this place.
 F = Levels seen in this place.
 G = Mean time per level.
                   A        B        C        D        E       F      G
               +--------+--------+--------+--------+--------+-----+--------+
         Total |   1108 |   1108 |      0 |    815 |      0 |   1 | 1108.0 |
       Dungeon |   1108 |   1108 |      0 |    815 |      0 |   1 | 1108.0 |
               +--------+--------+--------+--------+--------+-----+--------+

Top non-repeatable levels by time:
       D: 1108 daAuts
